 Dungeon Crawl Stone Soup version 0.20-a0-700-gbd4582c (webtiles) character file.

17 M4edhros the Sneak (level 2, -4/18 HPs)
             Began as an Octopode Artificer on Feb 19, 2017.
             Slain by an ogre
             ... wielding a +0 giant club
              (22 damage)
             ... on level 4 of the Dungeon.
             The game lasted 00:00:24 (742 turns).

M4edhros the Sneak (Octopode Artificer)              Turns: 742, Time: 00:00:25

Health: -4/18      AC:  1    Str: 11    XL:     2   Next: 62%
Magic:  4/4        EV: 13    Int: 13    God:
Gold:   29         SH:  0    Dex: 12    Spells: 1/1 levels left

rFire    . . .     SeeInvis .   a - +0 short sword
rCold    . . .     Gourm    .   (no shield)
rNeg     . . .     Faith    .   (helmet restricted)
rPois    .         Spirit   .   (no amulet)
rElec    .         Reflect  .   (no ring)
rCorr    .         Harm     .   (no ring)
MR       .....                  (no ring)
Stlth    +++.......             (no ring)
Regen    0.1/turn               (no ring)
MPRegen  0.1/turn               (no ring)
                                (no ring)
                                (no ring)

@: no status effects
A: almost no armour, stealthy swim, amphibious, 8 rings, constrict 8, camouflage
1, gelatinous body 1
a: no special abilities


You were on level 4 of the Dungeon.
You were not hungry.

You visited 1 branch of the dungeon, and saw 4 of its levels.

You collected 29 gold pieces.

Inventory:

Hand Weapons
 a - a +0 short sword (weapon)
Wands
 b - a wand of flame (15/48)
 c - a wand of enslavement (15/24)
 d - a wand of random effects (15/48)
Scrolls
 e - a scroll of amnesia {unknown}
 g - 2 scrolls of remove curse {unknown}
 j - a scroll of enchant weapon {unknown}
 k - a scroll of recharging {unknown}
Potions
 h - a potion of curing {unknown}
Comestibles
 f - 2 bread rations
 i - 3 fruits


   Skills:
 - Level 1.0 Fighting
 - Level 1.0 Short Blades
 - Level 2.0 Dodging
 + Level 3.7 Stealth
 - Level 3.2 Evocations


You had one spell level left.
You didn't know any spells.

Dungeon Overview and Level Annotations

Branches:
Dungeon (4/15)
 Temple: D:4-7

Altars:


Innate Abilities, Weirdness & Mutations

You cannot wear most types of armour.
You are very stealthy in the water. (Stealth+)
You are amphibious.
You can wear up to eight rings at the same time.
You can use your tentacles to constrict eight enemies at once.
Your skin changes colour to match your surroundings (Stealth+).
Your rubbery body absorbs attacks. (AC +1, EV +1)


Message History

No target in view!
i - 3 fruits HP restored.
j - a scroll labeled NYROED FIST
There is a stone staircase leading down here.
You climb downwards.
Found a stone staircase leading up.
There is a stone staircase leading up here.
k - a scroll labeled AFEITA VIOWY No target in view!
g - 2 scrolls labeled OHIXUO ISUFISI (gained 1)
An ogre comes into view. It is wielding a giant club.
An ogre is nearby!
An ogre is nearby!
The helpless ogre fails to defend itself.
You puncture the ogre!
The ogre is moderately wounded.
The ogre hits you with a giant club!!
Ouch! That really hurt!
You die...

##### #.# ....#
#.# ...# #.# #..#
#.# #..# #.# #..#
#.#
#..####.#########
#...............#
#@#######.#####.#
#O# #.# #.# #.#
#.#####.## #.#
#......... #.#
#######.## #.#
#.# #.# #.# #..
#.# #######.##


You could see an ogre.

Vanquished Creatures
  An adder (D:2)
  A giant cockroach (D:3)
  2 hobgoblins
  A kobold (D:2)
  A bat (D:1)
  A frilled lizard (D:1)
  2 rats
9 creatures vanquished.

Vanquished Creatures (others)
  A leopard gecko (D:4)
1 creature vanquished.

Grand Total: 10 creatures vanquished

Notes
Turn   | Place    | Note
-------+----------+-------------------------------------------
     0 | D:1      | M4edhros the Octopode Artificer began the quest for the Orb.
     0 | D:1      | Reached XP level 1. HP: 13/13 MP: 3/3
   528 | D:2      | Reached XP level 2. HP: 18/18 MP: 4/4
   739 | D:4      | Noticed an ogre
   742 | D:4      | Slain by an ogre

Vault maps used:
D:1:      dpeg_arrival_court, hangedman_abyss_or_decor_stabs
D:2:      first_bread, minmay_misc_feat_tower
D:4:      serial_shops, nicolae_shop_crystal, lemuel_flame_loot_1

Skill      XL: |  1 |
---------------+----+-----
Stealth        | 3 |  3.7
Fighting       | |  1.0
Short Blades   | |  1.0
Dodging        | |  2.0
Evocations     | |  3.2

Action                   || total
-------------------------++-------
Melee: Short sword       ||    23
       Constrict         ||     7
       Tentacles         ||     3
 Stab: Sleeping          ||     3
Armor: Skin              ||     2
Dodge: Dodged            ||    19
